[ AOE2 MATCH · #473659053 ]
UnrankedKoreans vs Saracens
[ REPLAY ANALYSIS · EXTRACTED FROM THE RECORDED GAME ]
Feudal
11:35
Castle
15:32
Imperial
34:14
| APM avg | 34.7 |
| APM peak | 54 |
| eAPM avg | 21.4 |
| Villagers / military | 148 / 93 |
Focus
⚔️ 21.0% · 🌾 79.0%
Knight ×36 · Scout Cavalry ×16 · Spearman ×15 · Archer ×13 · Skirmisher ×10 · Battering Ram ×2
Feudal
11:21
Castle
14:58
Imperial
—
| APM avg | 30.8 |
| APM peak | 71 |
| eAPM avg | 19.9 |
| Villagers / military | 141 / 38 |
Focus
⚔️ 18.3% · 🌾 81.7%
Archer ×38
Feudal
13:40
Castle
17:31
Imperial
—
| APM avg | 34.1 |
| APM peak | 124 |
| eAPM avg | 14.8 |
| Villagers / military | 70 / 57 |
Focus
⚔️ 27.9% · 🌾 72.1%
Archer ×55 · Spearman ×2
Feudal
10:31
Castle
15:00
Imperial
32:41
| APM avg | 31.4 |
| APM peak | 55 |
| eAPM avg | 20.9 |
| Villagers / military | 157 / 21 |
Focus
⚔️ 19.6% · 🌾 80.4%
Mangudai ×19 · Trade Cart ×16 · Monk ×2
Feudal
11:06
Castle
16:28
Imperial
37:07
| APM avg | 30.9 |
| APM peak | 93 |
| eAPM avg | 20.2 |
| Villagers / military | 140 / 65 |
Focus
⚔️ 30.1% · 🌾 69.9%
Knight ×65
Feudal
8:50
Castle
20:54
Imperial
36:22
| APM avg | 51.5 |
| APM peak | 88 |
| eAPM avg | 23.6 |
| Villagers / military | 127 / 68 |
Focus
⚔️ 25.3% · 🌾 74.7%
Knight ×37 · Camel Scout ×20 · Scout Cavalry ×10 · Fishing Ship ×6 · Demolition Raft ×1
Feudal
10:24
Castle
17:24
Imperial
—
| APM avg | 22.2 |
| APM peak | 52 |
| eAPM avg | 11.7 |
| Villagers / military | 103 / 29 |
Focus
⚔️ 16.4% · 🌾 83.6%
Knight ×21 · Spearman ×5 · Monk ×3
Feudal
10:09
Castle
14:29
Imperial
29:00
| APM avg | 33.2 |
| APM peak | 88 |
| eAPM avg | 24.8 |
| Villagers / military | 162 / 99 |
Focus
⚔️ 27.2% · 🌾 72.8%
Knight ×96 · Monk ×2 · Transport Ship ×1
Match map
Initial resources + every placement click. Lines = walls · curves = elevation contours. ◆ gold · ⬟ stone · ● berries · ✦ relic · ◌ wall gap
Your base· ✓ Map-separated
lucky0815's base· ✓ Map-separated
Nitrozwerg/Janik's base· ✓ Map-separated
叶落's base· ✓ Map-separated
degianni's base· ✓ Map-separated
EL TÍO TUPAKIER's base· ✓ Map-separated
[PFFFT]Barbie's base· ✓ Map-separated
爹地给你买冰红茶喝's base· ✓ Map-separated
Smoothed initial terrain · ◌ = detected wall gap · hover for details
Inputs per minute
— Mario Hennisch - - lucky0815
Build order — Mario Hennisch
First 150 of 372 actions detected
| 0:01 | Create | Villager (Male) |
| 0:01 | Create | Villager (Male) |
| 0:02 | Build | House |
| 0:03 | Build | House |
| 0:06 | Create | Villager (Male) |
| 0:06 | Create | Villager (Male) |
| 0:23 | Create | Villager (Male) |
| 1:41 | Create | Villager (Male) |
| 1:41 | Create | Villager (Male) |
| 1:59 | Create | Villager (Male) |
| 2:23 | Create | Villager (Male) |
| 3:04 | Create | Villager (Male) |
| 3:05 | Build | Mill |
| 3:11 | Create | Villager (Male) |
| 3:17 | Build | House |
| 4:06 | Create | Villager (Male) |
| 4:06 | Create | Villager (Male) |
| 4:41 | Create | Villager (Male) |
| 4:41 | Create | Villager (Male) |
| 4:46 | Build | Lumber Camp |
| 4:55 | Create | Villager (Male) |
| 5:18 | Create | Villager (Male) |
| 5:29 | Create | Villager (Male) |
| 5:33 | Build | House |
| 5:39 | Create | Villager (Male) |
| 5:57 | Create | Villager (Male) |
| 6:28 | Build | House |
| 7:03 | Build | Mill |
| 7:21 | Create | Villager (Male) |
| 8:10 | Create | Villager (Male) |
| 8:13 | Build | Mill |
| 8:26 | Create | Villager (Male) |
| 8:28 | Build | House |
| 8:49 | Build | Mining Camp |
| 8:58 | Create | Villager (Male) |
| 9:01 | Research | Feudal Age |
| 9:44 | Create | Villager (Male) |
| 9:44 | Create | Villager (Male) |
| 9:45 | Research | Loom |
| 10:47 | Build | House |
| 10:50 | Build | Barracks |
| 11:35 | Age | Feudal Age |
| 11:41 | Build | Blacksmith |
| 11:47 | Build | Market |
| 12:52 | Research | Castle Age |
| 12:52 | Research | Castle Age |
| 12:57 | Create | Villager (Male) |
| 12:57 | Create | Villager (Male) |
| 13:04 | Create | Spearman |
| 13:17 | Research | Double-Bit Axe |
| 13:21 | Create | Spearman |
| 13:39 | Create | Spearman |
| 13:44 | Create | Villager (Male) |
| 13:49 | Research | Horse Collar |
| 13:51 | Build | Farm |
| 14:14 | Build | Farm |
| 14:28 | Create | Villager (Male) |
| 14:29 | Create | Villager (Male) |
| 14:42 | Build | Stable |
| 15:01 | Create | Spearman |
| 15:18 | Build | Lumber Camp |
| 15:21 | Build | House |
| 15:22 | Build | Farm |
| 15:24 | Create | Spearman |
| 15:32 | Age | Castle Age |
| 15:37 | Create | Spearman |
| 15:56 | Build | Town Center |
| 15:58 | Create | Knight |
| 16:02 | Create | Villager (Male) |
| 16:07 | Build | Farm |
| 16:15 | Create | Spearman |
| 16:32 | Build | Town Center |
| 16:41 | Create | Villager (Male) |
| 16:44 | Build | Farm |
| 16:57 | Create | Villager (Male) |
| 17:22 | Create | Villager (Male) |
| 17:24 | Build | Farm |
| 17:33 | Build | Farm |
| 17:34 | Create | Villager (Male) |
| 17:45 | Create | Villager (Male) |
| 17:50 | Build | Farm |
| 17:57 | Create | Knight |
| 18:12 | Build | Farm |
| 18:14 | Create | Villager (Male) |
| 18:16 | Build | Farm |
| 18:29 | Create | Villager (Male) |
| 18:31 | Build | Farm |
| 18:35 | Build | Farm |
| 18:48 | Create | Villager (Male) |
| 18:52 | Build | Farm |
| 18:54 | Build | Farm |
| 18:55 | Create | Villager (Male) |
| 18:56 | Build | Farm |
| 19:16 | Build | House |
| 19:18 | Build | Farm |
| 19:20 | Build | House |
| 19:21 | Create | Villager (Male) |
| 19:28 | Create | Knight |
| 19:46 | Create | Villager (Male) |
| 19:58 | Create | Villager (Male) |
| 19:59 | Create | Villager (Male) |
| 20:01 | Build | Farm |
| 20:15 | Create | Villager (Male) |
| 20:18 | Build | Farm |
| 20:22 | Build | Farm |
| 20:30 | Create | Villager (Male) |
| 20:31 | Create | Villager (Male) |
| 20:34 | Build | Farm |
| 20:35 | Build | Farm |
| 20:36 | Build | Farm |
| 20:37 | Build | Farm |
| 20:45 | Create | Villager (Male) |
| 20:48 | Build | Farm |
| 20:49 | Create | Villager (Male) |
| 20:51 | Build | Farm |
| 20:57 | Build | Farm |
| 21:05 | Create | Spearman |
| 21:14 | Create | Knight |
| 21:16 | Create | Villager (Male) |
| 21:53 | Create | Villager (Male) |
| 21:53 | Create | Villager (Male) |
| 21:53 | Create | Villager (Male) |
| 21:53 | Create | Villager (Male) |
| 21:53 | Create | Villager (Male) |
| 21:56 | Create | Knight |
| 21:58 | Create | Spearman |
| 22:01 | Create | Villager (Male) |
| 22:14 | Create | Knight |
| 22:30 | Research | Scale Barding Armor |
| 22:32 | Build | House |
| 22:33 | Build | House |
| 22:39 | Create | Villager (Male) |
| 22:57 | Create | Knight |
| 23:01 | Research | Wheelbarrow |
| 23:02 | Create | Villager (Male) |
| 23:05 | Build | Farm |
| 23:06 | Build | Farm |
| 23:08 | Build | Farm |
| 23:08 | Create | Villager (Male) |
| 23:11 | Build | Farm |
| 23:16 | Build | Stable |
| 23:18 | Build | House |
| 23:19 | Build | House |
| 23:19 | Build | House |
| 23:19 | Build | House |
| 23:23 | Build | Farm |
| 23:24 | Build | Farm |
| 23:29 | Create | Knight |
| 23:38 | Research | Husbandry |
| 23:43 | Build | Farm |
Build order — lucky0815
First 150 of 320 actions detected
| 0:01 | Create | Villager (Male) |
| 0:01 | Create | Villager (Male) |
| 0:02 | Build | House |
| 0:03 | Build | House |
| 0:24 | Create | Villager (Male) |
| 0:24 | Create | Villager (Male) |
| 0:28 | Create | Villager (Male) |
| 1:29 | Create | Villager (Male) |
| 1:30 | Create | Villager (Male) |
| 1:52 | Build | Mill |
| 2:02 | Create | Villager (Male) |
| 2:17 | Create | Villager (Male) |
| 2:17 | Create | Villager (Male) |
| 2:49 | Create | Villager (Male) |
| 2:49 | Create | Villager (Male) |
| 3:03 | Create | Villager (Male) |
| 3:03 | Create | Villager (Male) |
| 3:28 | Create | Villager (Male) |
| 3:39 | Create | Villager (Male) |
| 3:39 | Create | Villager (Male) |
| 4:03 | Create | Villager (Male) |
| 4:14 | Build | House |
| 4:20 | Research | Loom |
| 4:37 | Create | Villager (Male) |
| 4:50 | Create | Villager (Male) |
| 5:05 | Build | Lumber Camp |
| 5:09 | Create | Villager (Male) |
| 5:17 | Create | Villager (Male) |
| 5:43 | Create | Villager (Male) |
| 6:05 | Build | House |
| 6:25 | Create | Villager (Male) |
| 7:17 | Build | Mill |
| 7:28 | Create | Villager (Male) |
| 7:32 | Create | Villager (Male) |
| 7:46 | Create | Villager (Male) |
| 7:50 | Build | House |
| 8:30 | Create | Villager (Male) |
| 8:57 | Research | Feudal Age |
| 8:57 | Research | Feudal Age |
| 9:28 | Build | Mining Camp |
| 9:53 | Build | Mill |
| 11:20 | Build | Lumber Camp |
| 11:21 | Age | Feudal Age |
| 11:27 | Build | Market |
| 11:29 | Build | Blacksmith |
| 11:44 | Research | Double-Bit Axe |
| 11:44 | Research | Double-Bit Axe |
| 11:45 | Create | Villager (Male) |
| 11:46 | Create | Villager (Male) |
| 12:18 | Research | Castle Age |
| 12:18 | Research | Castle Age |
| 12:21 | Research | Gold Mining |
| 13:13 | Build | House |
| 13:34 | Build | Mining Camp |
| 13:57 | Build | Barracks |
| 14:26 | Research | Fletching |
| 14:26 | Research | Fletching |
| 14:30 | Create | Villager (Male) |
| 14:48 | Create | Villager (Male) |
| 14:57 | Build | Farm |
| 14:57 | Build | Farm |
| 14:58 | Age | Castle Age |
| 14:58 | Build | Farm |
| 15:07 | Build | Archery Range |
| 15:23 | Research | Horse Collar |
| 15:34 | Create | Villager (Male) |
| 15:39 | Research | Bodkin Arrow |
| 15:39 | Research | Bodkin Arrow |
| 16:03 | Create | Villager (Male) |
| 16:15 | Build | Farm |
| 16:19 | Build | Farm |
| 16:23 | Build | Farm |
| 16:27 | Build | Farm |
| 16:36 | Create | Villager (Male) |
| 16:42 | Create | Archer |
| 16:56 | Build | Farm |
| 16:57 | Build | Farm |
| 17:01 | Create | Villager (Male) |
| 17:03 | Create | Archer |
| 17:11 | Build | House |
| 17:23 | Build | Farm |
| 17:27 | Create | Villager (Male) |
| 17:30 | Build | Farm |
| 17:37 | Build | House |
| 17:39 | Create | Archer |
| 17:51 | Create | Villager (Male) |
| 18:00 | Create | Villager (Male) |
| 18:06 | Build | Archery Range |
| 18:17 | Create | Villager (Male) |
| 18:29 | Create | Archer |
| 18:46 | Create | Villager (Male) |
| 18:51 | Build | Archery Range |
| 18:58 | Create | Archer |
| 19:15 | Build | Palisade Wall |
| 19:17 | Build | Palisade Wall |
| 19:25 | Create | Villager (Male) |
| 19:30 | Build | University |
| 19:35 | Research | Crossbowman (upgrade) |
| 19:36 | Create | Archer |
| 19:36 | Create | Archer |
| 19:49 | Create | Archer |
| 19:58 | Build | Archery Range |
| 20:04 | Create | Archer |
| 20:11 | Build | House |
| 20:13 | Create | Villager (Male) |
| 20:17 | Research | Wheelbarrow |
| 20:17 | Research | Wheelbarrow |
| 20:24 | Research | Bow Saw |
| 20:29 | Build | House |
| 20:30 | Build | House |
| 20:31 | Build | House |
| 20:37 | Create | Archer |
| 20:41 | Create | Archer |
| 20:44 | Create | Archer |
| 20:53 | Create | Archer |
| 21:14 | Create | Villager (Male) |
| 21:20 | Create | Villager (Male) |
| 21:55 | Build | Palisade Wall |
| 22:13 | Create | Archer |
| 22:14 | Create | Archer |
| 22:14 | Create | Archer |
| 22:23 | Build | House |
| 22:27 | Build | House |
| 22:29 | Build | House |
| 22:34 | Build | House |
| 22:40 | Build | House |
| 22:43 | Build | Palisade Wall |
| 22:46 | Build | Palisade Wall |
| 22:58 | Build | Palisade Wall |
| 23:08 | Create | Villager (Male) |
| 23:09 | Create | Villager (Male) |
| 23:15 | Create | Archer |
| 23:16 | Create | Archer |
| 23:16 | Create | Archer |
| 23:16 | Create | Archer |
| 23:17 | Create | Archer |
| 23:17 | Create | Archer |
| 23:42 | Create | Villager (Male) |
| 24:08 | Create | Archer |
| 24:08 | Create | Archer |
| 24:29 | Create | Villager (Male) |
| 24:37 | Research | Ballistics |
| 24:59 | Create | Archer |
| 25:00 | Create | Archer |
| 25:08 | Create | Archer |
| 25:09 | Create | Archer |
| 25:20 | Create | Archer |
| 25:20 | Create | Archer |
| 25:36 | Create | Archer |
| 25:37 | Create | Archer |
Build order — Nitrozwerg/Janik
First 150 of 208 actions detected
| 0:04 | Build | House |
| 0:05 | Research | Loom |
| 0:06 | Build | House |
| 0:29 | Create | Villager (Male) |
| 0:31 | Create | Villager (Male) |
| 0:39 | Create | Villager (Male) |
| 1:34 | Create | Villager (Male) |
| 2:00 | Build | Lumber Camp |
| 2:15 | Create | Villager (Male) |
| 2:15 | Create | Villager (Male) |
| 2:43 | Create | Villager (Male) |
| 3:33 | Create | Villager (Male) |
| 4:24 | Build | Mill |
| 4:42 | Create | Villager (Male) |
| 4:42 | Create | Villager (Male) |
| 4:51 | Build | House |
| 4:52 | Build | House |
| 5:27 | Create | Villager (Male) |
| 6:13 | Create | Villager (Male) |
| 6:13 | Create | Villager (Male) |
| 7:04 | Create | Villager (Male) |
| 7:21 | Create | Villager (Male) |
| 8:22 | Create | Villager (Male) |
| 8:22 | Create | Villager (Male) |
| 8:23 | Create | Villager (Male) |
| 9:23 | Build | Mill |
| 9:43 | Create | Villager (Male) |
| 10:37 | Research | Feudal Age |
| 10:40 | Create | Villager (Male) |
| 10:41 | Create | Villager (Male) |
| 11:09 | Build | Mining Camp |
| 11:13 | Research | Feudal Age |
| 11:30 | Build | House |
| 12:17 | Build | Barracks |
| 13:26 | Build | Mill |
| 13:40 | Age | Feudal Age |
| 13:46 | Build | Market |
| 13:55 | Build | Blacksmith |
| 14:01 | Create | Villager (Male) |
| 14:01 | Create | Villager (Male) |
| 14:44 | Research | Castle Age |
| 14:44 | Research | Castle Age |
| 14:58 | Research | Double-Bit Axe |
| 15:01 | Research | Horse Collar |
| 15:01 | Research | Horse Collar |
| 15:52 | Research | Fletching |
| 15:57 | Create | Spearman |
| 16:09 | Build | House |
| 16:11 | Build | House |
| 16:32 | Build | Archery Range |
| 17:07 | Build | Palisade Wall |
| 17:09 | Build | Palisade Wall |
| 17:22 | Build | Palisade Wall |
| 17:24 | Build | House |
| 17:25 | Build | House |
| 17:30 | Build | House |
| 17:31 | Age | Castle Age |
| 17:36 | Build | Palisade Wall |
| 17:44 | Build | Archery Range |
| 17:50 | Build | House |
| 17:56 | Build | Palisade Wall |
| 18:01 | Build | House |
| 18:05 | Build | Palisade Gate |
| 18:07 | Build | Palisade Wall |
| 18:16 | Create | Villager (Male) |
| 18:16 | Create | Villager (Male) |
| 18:17 | Create | Villager (Male) |
| 18:55 | Build | Town Center |
| 19:07 | Create | Spearman |
| 19:08 | Create | Archer |
| 19:09 | Create | Archer |
| 19:10 | Research | Crossbowman (upgrade) |
| 19:32 | Build | Farm |
| 19:32 | Build | Farm |
| 19:33 | Build | Farm |
| 19:33 | Build | Farm |
| 19:43 | Build | Farm |
| 19:47 | Create | Villager (Male) |
| 19:47 | Create | Villager (Male) |
| 19:57 | Create | Archer |
| 19:57 | Create | Archer |
| 20:28 | Build | House |
| 20:30 | Build | Palisade Wall |
| 20:41 | Build | Palisade Wall |
| 20:44 | Create | Villager (Male) |
| 20:45 | Create | Villager (Male) |
| 21:03 | Build | Farm |
| 21:06 | Create | Archer |
| 21:06 | Create | Archer |
| 21:16 | Create | Archer |
| 21:16 | Create | Archer |
| 21:16 | Create | Archer |
| 21:23 | Create | Archer |
| 21:24 | Create | Archer |
| 21:48 | Create | Villager (Male) |
| 21:48 | Create | Villager (Male) |
| 22:17 | Create | Villager (Male) |
| 22:18 | Create | Villager (Male) |
| 22:43 | Build | Farm |
| 22:45 | Research | Bodkin Arrow |
| 23:20 | Create | Villager (Male) |
| 23:20 | Create | Villager (Male) |
| 23:39 | Create | Archer |
| 23:39 | Create | Archer |
| 23:40 | Create | Villager (Male) |
| 24:01 | Build | Farm |
| 24:01 | Build | Farm |
| 24:04 | Create | Villager (Male) |
| 24:08 | Create | Archer |
| 24:09 | Create | Archer |
| 24:35 | Create | Archer |
| 24:35 | Create | Archer |
| 24:35 | Create | Villager (Male) |
| 24:36 | Create | Villager (Male) |
| 24:57 | Build | Farm |
| 24:57 | Build | Farm |
| 25:05 | Create | Archer |
| 25:05 | Create | Archer |
| 25:06 | Create | Villager (Male) |
| 25:06 | Create | Villager (Male) |
| 25:29 | Research | Padded Archer Armor |
| 25:46 | Build | Farm |
| 26:04 | Create | Villager (Male) |
| 26:04 | Create | Villager (Male) |
| 26:05 | Create | Archer |
| 26:05 | Create | Archer |
| 26:36 | Research | Leather Archer Armor |
| 27:10 | Create | Villager (Male) |
| 27:10 | Create | Villager (Male) |
| 27:12 | Create | Archer |
| 27:12 | Create | Archer |
| 27:35 | Create | Villager (Male) |
| 27:35 | Create | Villager (Male) |
| 27:46 | Build | Farm |
| 27:46 | Build | Farm |
| 27:47 | Build | Farm |
| 27:56 | Build | Town Center |
| 28:04 | Create | Archer |
| 28:04 | Create | Archer |
| 28:11 | Create | Villager (Male) |
| 28:16 | Create | Villager (Male) |
| 28:44 | Create | Villager (Male) |
| 28:48 | Build | Farm |
| 28:48 | Build | Farm |
| 29:24 | Create | Archer |
| 29:25 | Create | Archer |
| 29:26 | Create | Archer |
| 29:27 | Create | Villager (Male) |
| 29:28 | Create | Villager (Male) |
| 29:46 | Create | Villager (Male) |
Build order — 叶落
First 150 of 373 actions detected
| 0:00 | Create | Villager (Male) |
| 0:01 | Create | Villager (Male) |
| 0:01 | Create | Villager (Male) |
| 0:01 | Create | Villager (Male) |
| 0:03 | Build | House |
| 0:04 | Build | House |
| 0:51 | Create | Villager (Male) |
| 0:51 | Create | Villager (Male) |
| 1:21 | Create | Villager (Male) |
| 2:11 | Create | Villager (Male) |
| 2:11 | Create | Villager (Male) |
| 2:37 | Build | Lumber Camp |
| 2:45 | Build | Lumber Camp |
| 3:00 | Create | Villager (Male) |
| 3:16 | Create | Villager (Male) |
| 3:28 | Create | Villager (Male) |
| 3:38 | Build | House |
| 3:42 | Create | Villager (Male) |
| 3:58 | Build | House |
| 4:32 | Build | Mill |
| 4:42 | Create | Villager (Male) |
| 4:57 | Create | Villager (Male) |
| 5:13 | Create | Villager (Male) |
| 5:30 | Create | Villager (Male) |
| 5:43 | Build | Mill |
| 6:41 | Create | Villager (Male) |
| 6:58 | Build | Mill |
| 7:05 | Create | Villager (Male) |
| 7:22 | Create | Villager (Male) |
| 7:53 | Create | Villager (Male) |
| 8:02 | Build | Mining Camp |
| 8:18 | Research | Feudal Age |
| 8:46 | Build | Palisade Wall |
| 8:57 | Build | Palisade Wall |
| 9:11 | Build | House |
| 9:34 | Create | Villager (Male) |
| 9:34 | Create | Villager (Male) |
| 10:31 | Age | Feudal Age |
| 10:34 | Create | Villager (Male) |
| 10:45 | Build | Market |
| 10:56 | Research | Double-Bit Axe |
| 11:39 | Create | Villager (Male) |
| 11:52 | Build | Blacksmith |
| 12:20 | Research | Castle Age |
| 12:20 | Research | Castle Age |
| 12:20 | Research | Castle Age |
| 13:13 | Build | Palisade Wall |
| 13:16 | Build | Palisade Wall |
| 13:28 | Research | Horse Collar |
| 13:31 | Create | Villager (Male) |
| 14:34 | Build | Palisade Wall |
| 14:36 | Build | Palisade Wall |
| 15:00 | Age | Castle Age |
| 15:03 | Build | Town Center |
| 15:11 | Build | Town Center |
| 15:26 | Create | Villager (Male) |
| 15:26 | Create | Villager (Male) |
| 15:41 | Build | Palisade Wall |
| 15:43 | Build | Palisade Wall |
| 15:54 | Build | House |
| 15:58 | Create | Villager (Male) |
| 16:08 | Build | Farm |
| 16:10 | Build | Farm |
| 16:11 | Build | Farm |
| 16:14 | Build | Farm |
| 16:15 | Build | Farm |
| 16:20 | Create | Villager (Male) |
| 16:20 | Create | Villager (Male) |
| 16:26 | Build | House |
| 16:27 | Build | House |
| 16:47 | Build | Farm |
| 16:51 | Build | Farm |
| 17:08 | Build | Farm |
| 17:10 | Build | Farm |
| 17:13 | Build | Farm |
| 17:17 | Build | House |
| 17:19 | Build | House |
| 17:23 | Create | Villager (Male) |
| 17:27 | Build | Farm |
| 17:39 | Build | Farm |
| 17:47 | Create | Villager (Male) |
| 17:50 | Build | House |
| 17:53 | Build | House |
| 18:01 | Build | Farm |
| 18:02 | Build | Farm |
| 18:04 | Create | Villager (Male) |
| 18:10 | Build | Farm |
| 18:16 | Create | Villager (Male) |
| 18:17 | Create | Villager (Male) |
| 18:18 | Build | Farm |
| 18:27 | Build | House |
| 18:34 | Create | Villager (Male) |
| 18:37 | Build | House |
| 18:41 | Create | Villager (Male) |
| 18:46 | Build | Farm |
| 18:53 | Create | Villager (Male) |
| 18:54 | Create | Villager (Male) |
| 19:01 | Build | Farm |
| 19:06 | Create | Villager (Male) |
| 19:12 | Build | Farm |
| 19:14 | Create | Villager (Male) |
| 19:20 | Build | Farm |
| 19:24 | Build | House |
| 19:26 | Create | Villager (Male) |
| 19:31 | Create | Villager (Male) |
| 19:39 | Build | Farm |
| 19:41 | Create | Villager (Male) |
| 19:44 | Build | House |
| 19:45 | Build | House |
| 19:49 | Create | Villager (Male) |
| 20:04 | Create | Villager (Male) |
| 20:11 | Create | Villager (Male) |
| 20:14 | Build | Farm |
| 20:17 | Create | Villager (Male) |
| 20:22 | Build | Farm |
| 20:27 | Build | Farm |
| 20:31 | Build | Lumber Camp |
| 20:35 | Create | Villager (Male) |
| 20:35 | Create | Villager (Male) |
| 20:38 | Build | Farm |
| 20:39 | Create | Villager (Male) |
| 20:47 | Build | House |
| 20:48 | Build | House |
| 20:52 | Build | House |
| 20:52 | Create | Villager (Male) |
| 20:59 | Create | Villager (Male) |
| 21:00 | Create | Villager (Male) |
| 21:06 | Create | Villager (Male) |
| 21:14 | Build | Stone Wall |
| 21:17 | Build | Gate |
| 21:19 | Create | Villager (Male) |
| 21:31 | Build | Gate |
| 21:32 | Create | Villager (Male) |
| 21:37 | Create | Villager (Male) |
| 21:53 | Build | Town Center |
| 21:56 | Create | Villager (Male) |
| 21:57 | Research | Wheelbarrow |
| 22:02 | Build | Mining Camp |
| 22:06 | Create | Villager (Male) |
| 22:06 | Create | Villager (Male) |
| 22:25 | Build | Stone Wall |
| 22:26 | Build | Gate |
| 22:32 | Create | Villager (Male) |
| 22:44 | Build | Stone Wall |
| 22:47 | Create | Villager (Male) |
| 22:49 | Create | Villager (Male) |
| 22:49 | Create | Villager (Male) |
| 23:04 | Create | Villager (Male) |
| 23:04 | Create | Villager (Male) |
| 23:11 | Build | Stone Wall |
Build order — degianni
First 150 of 374 actions detected
| 0:02 | Create | Villager (Male) ×5 |
| 0:03 | Build | House |
| 0:04 | Build | House |
| 0:34 | Create | Villager (Male) |
| 0:35 | Create | Villager (Male) |
| 1:26 | Create | Villager (Male) |
| 1:46 | Build | Lumber Camp |
| 2:04 | Create | Villager (Male) |
| 2:04 | Create | Villager (Male) |
| 2:17 | Create | Villager (Male) |
| 2:17 | Create | Villager (Male) |
| 2:53 | Create | Villager (Male) |
| 2:54 | Create | Villager (Male) |
| 3:27 | Create | Villager (Male) |
| 3:45 | Build | Mill |
| 3:50 | Build | House |
| 4:12 | Create | Villager (Male) |
| 4:12 | Create | Villager (Male) |
| 4:57 | Create | Villager (Male) |
| 5:21 | Create | Villager (Male) |
| 5:40 | Build | House |
| 6:15 | Create | Villager (Male) |
| 6:15 | Create | Villager (Male) |
| 6:16 | Create | Villager (Male) |
| 6:55 | Create | Villager (Male) |
| 7:48 | Create | Villager (Male) |
| 7:49 | Create | Villager (Male) |
| 8:23 | Research | Loom |
| 8:36 | Build | Palisade Wall |
| 8:40 | Build | Palisade Wall |
| 8:42 | Build | House |
| 8:43 | Research | Feudal Age |
| 8:52 | Build | Mill |
| 9:13 | Build | Mining Camp |
| 9:33 | Build | Palisade Wall |
| 9:44 | Build | Palisade Wall |
| 10:21 | Build | Palisade Wall |
| 10:22 | Build | Palisade Wall |
| 10:52 | Build | Palisade Wall |
| 11:01 | Create | Villager (Male) |
| 11:06 | Age | Feudal Age |
| 11:09 | Build | Blacksmith |
| 11:11 | Build | Market |
| 11:15 | Create | Villager (Male) |
| 11:29 | Research | Double-Bit Axe |
| 12:00 | Create | Villager (Male) |
| 12:06 | Research | Horse Collar |
| 12:08 | Build | Farm |
| 12:22 | Create | Villager (Male) |
| 12:27 | Build | Farm |
| 12:29 | Build | Farm |
| 12:35 | Build | Farm |
| 12:42 | Build | Farm |
| 12:59 | Create | Villager (Male) |
| 13:02 | Build | Farm |
| 13:22 | Create | Villager (Male) |
| 13:25 | Build | Farm |
| 13:33 | Build | House |
| 13:48 | Build | Farm |
| 14:03 | Research | Castle Age |
| 14:03 | Research | Castle Age |
| 14:09 | Build | Farm |
| 14:33 | Research | Double-Bit Axe |
| 15:04 | Research | Gold Mining |
| 15:20 | Build | Palisade Wall |
| 15:25 | Build | House |
| 15:30 | Build | Palisade Wall |
| 15:49 | Create | Villager (Male) |
| 15:50 | Create | Villager (Male) |
| 15:57 | Build | Palisade Wall |
| 16:00 | Build | House |
| 16:28 | Age | Castle Age |
| 16:31 | Build | Town Center |
| 16:44 | Build | Town Center |
| 17:09 | Create | Villager (Male) |
| 17:24 | Research | Bow Saw |
| 17:24 | Research | Bow Saw |
| 17:46 | Create | Villager (Male) |
| 17:54 | Build | House |
| 17:56 | Build | House |
| 17:58 | Build | House |
| 18:03 | Build | Palisade Wall |
| 18:04 | Build | Palisade Wall |
| 18:19 | Create | Villager (Male) |
| 18:20 | Create | Villager (Male) |
| 18:29 | Create | Villager (Male) |
| 18:29 | Create | Villager (Male) |
| 18:36 | Build | Barracks |
| 18:47 | Research | Scale Barding Armor |
| 18:48 | Create | Villager (Male) |
| 18:48 | Create | Villager (Male) |
| 19:04 | Create | Villager (Male) |
| 19:05 | Create | Villager (Male) |
| 19:10 | Research | Wheelbarrow |
| 19:28 | Build | Stable |
| 19:32 | Create | Villager (Male) |
| 19:33 | Create | Villager (Male) |
| 19:33 | Create | Villager (Male) |
| 19:36 | Build | Farm |
| 19:52 | Build | Palisade Wall |
| 19:59 | Create | Villager (Male) |
| 19:59 | Create | Villager (Male) |
| 20:04 | Build | Stable |
| 20:16 | Build | Mining Camp |
| 20:17 | Create | Villager (Male) |
| 20:17 | Create | Villager (Male) |
| 20:30 | Create | Villager (Male) |
| 20:42 | Build | Farm |
| 20:43 | Build | Farm |
| 20:45 | Build | Farm |
| 20:47 | Build | Farm |
| 20:49 | Create | Villager (Male) |
| 20:50 | Create | Villager (Male) |
| 20:56 | Create | Knight |
| 20:57 | Create | Knight |
| 21:14 | Create | Knight |
| 21:14 | Create | Knight |
| 21:22 | Build | Farm |
| 21:24 | Build | Farm |
| 21:28 | Build | Farm |
| 21:28 | Create | Knight |
| 21:28 | Create | Knight |
| 21:34 | Build | Farm |
| 21:35 | Create | Villager (Male) |
| 21:35 | Create | Villager (Male) |
| 21:44 | Create | Villager (Male) |
| 21:44 | Create | Villager (Male) |
| 22:00 | Create | Villager (Male) |
| 22:11 | Create | Villager (Male) |
| 22:18 | Create | Knight |
| 22:18 | Create | Knight |
| 22:28 | Build | Mill |
| 22:28 | Create | Villager (Male) |
| 22:29 | Create | Villager (Male) |
| 22:31 | Build | House |
| 22:37 | Create | Villager (Male) |
| 22:37 | Create | Villager (Male) |
| 22:43 | Build | Farm |
| 22:44 | Build | Farm |
| 22:50 | Create | Villager (Male) |
| 22:55 | Build | Farm |
| 22:56 | Build | Farm |
| 22:58 | Build | Farm |
| 22:59 | Create | Knight |
| 23:03 | Create | Knight |
| 23:03 | Create | Knight |
| 23:15 | Build | Farm |
| 23:16 | Build | Farm |
| 23:23 | Create | Villager (Male) |
| 23:23 | Create | Villager (Male) |
Build order — EL TÍO TUPAKIER
First 150 of 375 actions detected
| 0:02 | Create | Villager (Male) |
| 0:03 | Build | House |
| 0:05 | Build | House |
| 0:08 | Create | Villager (Male) |
| 0:12 | Create | Villager (Male) |
| 0:15 | Create | Villager (Male) |
| 0:18 | Create | Villager (Male) |
| 0:25 | Create | Villager (Male) |
| 1:26 | Create | Villager (Male) |
| 1:26 | Create | Villager (Male) |
| 1:43 | Build | Lumber Camp |
| 2:04 | Create | Villager (Male) |
| 2:04 | Create | Villager (Male) |
| 2:18 | Create | Villager (Male) |
| 2:18 | Create | Villager (Male) |
| 2:50 | Create | Villager (Male) |
| 2:50 | Create | Villager (Male) |
| 3:39 | Build | House |
| 3:51 | Create | Villager (Male) |
| 3:55 | Create | Villager (Male) |
| 3:57 | Build | House |
| 4:00 | Create | Villager (Male) |
| 4:37 | Create | Villager (Male) |
| 4:41 | Build | Mill |
| 5:14 | Create | Villager (Male) |
| 5:29 | Create | Villager (Male) |
| 5:47 | Create | Villager (Male) |
| 6:08 | Build | Mill |
| 6:16 | Research | Loom |
| 6:43 | Research | Feudal Age |
| 6:43 | Research | Feudal Age |
| 6:43 | Research | Feudal Age |
| 7:50 | Build | Lumber Camp |
| 8:20 | Create | Villager (Male) |
| 8:39 | Build | Barracks |
| 8:43 | Create | Villager (Male) |
| 8:50 | Age | Feudal Age |
| 8:56 | Create | Villager (Male) |
| 9:45 | Create | Villager (Male) |
| 9:59 | Build | Stable |
| 10:08 | Build | House |
| 10:34 | Create | Villager (Male) |
| 10:37 | Research | Double-Bit Axe |
| 10:38 | Research | Double-Bit Axe |
| 10:42 | Create | Scout Cavalry |
| 10:43 | Create | Villager (Male) |
| 10:52 | Create | Villager (Male) |
| 10:55 | Build | Farm |
| 10:56 | Research | Horse Collar |
| 10:57 | Research | Horse Collar |
| 11:15 | Create | Scout Cavalry |
| 11:23 | Build | House |
| 11:27 | Create | Scout Cavalry |
| 11:41 | Build | Dock |
| 11:42 | Create | Villager (Male) |
| 11:48 | Create | Scout Cavalry |
| 11:54 | Build | Farm |
| 12:06 | Build | Farm |
| 12:07 | Create | Villager (Male) |
| 12:21 | Create | Scout Cavalry |
| 12:36 | Build | Farm |
| 12:36 | Create | Villager (Male) |
| 12:37 | Create | Scout Cavalry |
| 13:01 | Create | Villager (Male) |
| 13:03 | Build | House |
| 13:17 | Create | Demolition Raft |
| 13:45 | Create | Fishing Ship |
| 13:49 | Create | Villager (Male) |
| 13:52 | Build | Farm |
| 13:55 | Build | Farm |
| 13:55 | Build | Farm |
| 14:01 | Create | Scout Cavalry |
| 14:01 | Create | Villager (Male) |
| 14:04 | Build | Farm |
| 14:13 | Create | Fishing Ship |
| 14:17 | Build | Farm |
| 14:31 | Build | Farm |
| 14:38 | Create | Scout Cavalry |
| 14:40 | Build | House |
| 15:03 | Build | Farm |
| 15:08 | Create | Villager (Male) |
| 15:17 | Build | Market |
| 15:30 | Create | Scout Cavalry |
| 15:40 | Create | Villager (Male) |
| 15:42 | Build | Farm |
| 15:43 | Create | Fishing Ship |
| 15:53 | Create | Villager (Male) |
| 15:56 | Build | House |
| 16:02 | Build | Farm |
| 16:03 | Create | Fishing Ship |
| 16:10 | Research | Wheelbarrow |
| 16:10 | Research | Wheelbarrow |
| 16:15 | Build | Farm |
| 16:16 | Build | Farm |
| 16:19 | Create | Scout Cavalry |
| 16:38 | Build | Mining Camp |
| 16:51 | Create | Villager (Male) |
| 17:18 | Build | House |
| 17:57 | Build | Farm |
| 18:00 | Create | Fishing Ship |
| 18:06 | Create | Villager (Male) |
| 18:27 | Research | Castle Age |
| 18:27 | Research | Castle Age |
| 18:27 | Research | Castle Age |
| 18:42 | Create | Fishing Ship |
| 19:11 | Build | Blacksmith |
| 19:34 | Research | Bloodlines |
| 19:35 | Research | Bloodlines |
| 19:35 | Research | Bloodlines |
| 20:13 | Create | Villager (Male) |
| 20:18 | Research | Gold Mining |
| 20:32 | Research | Scale Barding Armor |
| 20:32 | Research | Scale Barding Armor |
| 20:53 | Research | Forging |
| 20:53 | Research | Forging |
| 20:54 | Age | Castle Age |
| 20:57 | Research | Light Cavalry (upgrade) |
| 20:58 | Research | Light Cavalry (upgrade) |
| 20:58 | Research | Light Cavalry (upgrade) |
| 21:15 | Create | Villager (Male) |
| 21:18 | Research | Bow Saw |
| 21:18 | Research | Bow Saw |
| 21:21 | Build | Town Center |
| 21:31 | Build | Farm |
| 21:33 | Create | Camel Scout |
| 21:35 | Build | Stable |
| 21:41 | Create | Villager (Male) |
| 21:57 | Build | Farm |
| 22:00 | Create | Camel Scout |
| 22:02 | Create | Villager (Male) |
| 22:06 | Build | Farm |
| 22:14 | Create | Villager (Male) |
| 22:15 | Build | Lumber Camp |
| 22:37 | Create | Villager (Male) |
| 22:39 | Build | Farm |
| 22:40 | Create | Camel Scout |
| 22:41 | Create | Camel Scout |
| 22:44 | Create | Villager (Male) |
| 22:47 | Create | Villager (Male) |
| 22:50 | Build | Town Center |
| 22:53 | Create | Villager (Male) |
| 23:09 | Create | Villager (Male) |
| 23:24 | Build | Farm |
| 23:39 | Create | Villager (Male) |
| 23:45 | Build | Farm |
| 23:50 | Build | Farm |
| 23:56 | Build | House |
| 24:01 | Research | Hand Cart |
| 24:01 | Research | Hand Cart |
| 24:01 | Research | Hand Cart |
Build order — [PFFFT]Barbie
First 150 of 244 actions detected
| 0:01 | Create | Villager (Male) |
| 0:01 | Create | Villager (Male) |
| 0:02 | Build | House |
| 0:04 | Build | House |
| 0:28 | Create | Villager (Male) |
| 0:29 | Create | Villager (Male) |
| 0:29 | Create | Villager (Male) |
| 0:29 | Create | Villager (Male) |
| 1:30 | Create | Villager (Male) |
| 1:44 | Build | Lumber Camp |
| 2:42 | Create | Villager (Male) |
| 2:43 | Create | Villager (Male) |
| 3:26 | Create | Villager (Male) |
| 3:36 | Build | House |
| 4:02 | Build | Mill |
| 4:06 | Create | Villager (Male) |
| 4:40 | Create | Villager (Male) |
| 5:02 | Create | Villager (Male) |
| 5:39 | Build | House |
| 5:55 | Create | Villager (Male) |
| 5:57 | Create | Villager (Male) |
| 6:20 | Build | Barracks |
| 6:33 | Create | Villager (Male) |
| 6:57 | Create | Villager (Male) |
| 7:25 | Build | Mill |
| 7:37 | Create | Villager (Male) |
| 8:14 | Research | Feudal Age |
| 8:52 | Build | Mining Camp |
| 9:20 | Create | Villager (Male) |
| 9:56 | Build | Farm |
| 10:01 | Build | Farm |
| 10:07 | Create | Villager (Male) |
| 10:24 | Age | Feudal Age |
| 10:38 | Create | Villager (Male) |
| 10:42 | Build | Farm |
| 10:50 | Build | Farm |
| 10:54 | Create | Villager (Male) |
| 11:20 | Create | Villager (Male) |
| 11:25 | Build | House |
| 12:06 | Create | Villager (Male) |
| 12:25 | Build | Farm |
| 12:28 | Build | Farm |
| 12:47 | Research | Loom |
| 12:52 | Build | Blacksmith |
| 13:05 | Create | Villager (Male) |
| 13:34 | Create | Villager (Male) |
| 14:08 | Build | Market |
| 14:14 | Create | Villager (Male) |
| 14:18 | Research | Wheelbarrow |
| 14:44 | Research | Castle Age |
| 14:44 | Research | Castle Age |
| 14:53 | Build | House |
| 14:56 | Build | House |
| 15:20 | Create | Spearman |
| 15:56 | Create | Spearman |
| 16:21 | Build | Farm |
| 16:27 | Research | Double-Bit Axe |
| 16:31 | Build | Farm |
| 16:31 | Build | Farm |
| 16:32 | Build | Farm |
| 16:33 | Build | Farm |
| 16:56 | Build | Palisade Gate |
| 17:01 | Build | House |
| 17:02 | Build | House |
| 17:24 | Age | Castle Age |
| 17:27 | Create | Villager (Male) |
| 17:27 | Create | Villager (Male) |
| 18:10 | Build | Town Center |
| 18:23 | Create | Villager (Male) |
| 18:23 | Create | Villager (Male) |
| 18:24 | Create | Villager (Male) |
| 18:27 | Create | Villager (Male) |
| 18:47 | Research | Scale Barding Armor |
| 18:48 | Research | Forging |
| 19:08 | Create | Villager (Male) |
| 19:14 | Research | Gold Mining |
| 19:18 | Research | Stone Mining |
| 20:08 | Build | Palisade Gate |
| 20:15 | Build | Palisade Wall |
| 20:22 | Create | Villager (Male) |
| 20:22 | Create | Villager (Male) |
| 20:30 | Build | Town Center |
| 20:37 | Create | Villager (Male) |
| 20:37 | Create | Villager (Male) |
| 20:39 | Create | Villager (Male) |
| 20:40 | Create | Villager (Male) |
| 21:30 | Create | Spearman |
| 21:41 | Create | Villager (Male) |
| 22:25 | Build | Stable |
| 22:29 | Build | Stable |
| 22:31 | Create | Villager (Male) |
| 22:32 | Create | Villager (Male) |
| 22:33 | Create | Villager (Male) |
| 22:33 | Create | Villager (Male) |
| 22:34 | Create | Villager (Male) |
| 22:58 | Create | Knight |
| 22:59 | Research | Husbandry |
| 23:04 | Create | Knight |
| 23:18 | Create | Villager (Male) |
| 23:22 | Research | Wheelbarrow |
| 23:24 | Create | Villager (Male) |
| 23:24 | Create | Villager (Male) |
| 23:25 | Create | Villager (Male) |
| 23:43 | Build | Farm |
| 23:43 | Build | Farm |
| 23:43 | Build | Farm |
| 23:52 | Build | Farm |
| 23:52 | Build | Farm |
| 23:52 | Build | Farm |
| 24:08 | Create | Knight |
| 24:08 | Create | Knight |
| 24:10 | Create | Knight |
| 24:30 | Create | Villager (Male) |
| 24:33 | Create | Villager (Male) |
| 24:41 | Build | Farm |
| 24:41 | Build | Farm |
| 24:42 | Build | Farm |
| 24:43 | Build | Farm |
| 24:50 | Create | Villager (Male) |
| 24:51 | Create | Villager (Male) |
| 24:53 | Build | House |
| 24:54 | Build | House |
| 24:56 | Build | House |
| 24:57 | Build | House |
| 25:38 | Create | Villager (Male) |
| 25:38 | Create | Villager (Male) |
| 25:40 | Create | Villager (Male) |
| 25:41 | Create | Villager (Male) |
| 25:41 | Create | Villager (Male) |
| 25:43 | Create | Villager (Male) |
| 25:43 | Create | Villager (Male) |
| 25:44 | Create | Villager (Male) |
| 25:50 | Build | Farm |
| 25:50 | Build | Farm |
| 25:51 | Build | Farm |
| 25:52 | Build | Farm |
| 26:30 | Create | Villager (Male) |
| 26:30 | Create | Villager (Male) |
| 26:31 | Create | Villager (Male) |
| 26:32 | Create | Villager (Male) |
| 26:33 | Create | Villager (Male) |
| 26:36 | Create | Villager (Male) |
| 26:36 | Create | Villager (Male) |
| 26:56 | Build | Lumber Camp |
| 26:59 | Create | Villager (Male) |
| 26:59 | Create | Villager (Male) |
| 27:07 | Create | Knight |
| 27:07 | Create | Knight |
| 27:07 | Create | Knight |
| 27:21 | Research | Bow Saw |
Build order — 爹地给你买冰红茶喝
First 150 of 472 actions detected
| 0:01 | Create | Villager (Male) |
| 0:02 | Create | Villager (Male) |
| 0:03 | Build | House |
| 0:04 | Build | House |
| 0:21 | Create | Villager (Male) |
| 0:21 | Create | Villager (Male) |
| 0:21 | Create | Villager (Male) |
| 0:22 | Create | Villager (Male) |
| 0:22 | Create | Villager (Male) |
| 1:27 | Create | Villager (Male) |
| 1:28 | Create | Villager (Male) |
| 2:03 | Create | Villager (Male) |
| 2:04 | Create | Villager (Male) |
| 2:38 | Build | Lumber Camp |
| 3:22 | Create | Villager (Male) |
| 3:22 | Create | Villager (Male) |
| 3:22 | Create | Villager (Male) |
| 3:22 | Create | Villager (Male) |
| 3:49 | Create | Villager (Male) |
| 3:49 | Create | Villager (Male) |
| 3:49 | Create | Villager (Male) |
| 3:57 | Build | House |
| 4:33 | Build | Mill |
| 4:44 | Create | Villager (Male) |
| 4:44 | Create | Villager (Male) |
| 4:45 | Create | Villager (Male) |
| 4:50 | Build | House |
| 5:08 | Create | Villager (Male) |
| 6:35 | Create | Villager (Male) |
| 6:35 | Create | Villager (Male) |
| 6:49 | Create | Villager (Male) |
| 6:49 | Create | Villager (Male) |
| 6:49 | Create | Villager (Male) |
| 6:50 | Create | Villager (Male) |
| 6:50 | Create | Villager (Male) |
| 6:50 | Create | Villager (Male) |
| 7:16 | Build | Mining Camp |
| 7:19 | Create | Villager (Male) |
| 7:59 | Research | Feudal Age |
| 7:59 | Research | Feudal Age |
| 7:59 | Research | Feudal Age |
| 8:07 | Build | Mill |
| 8:54 | Build | Mill |
| 9:43 | Create | Villager (Male) |
| 9:43 | Create | Villager (Male) |
| 10:09 | Age | Feudal Age |
| 10:11 | Build | Market |
| 11:29 | Build | Blacksmith |
| 11:36 | Create | Villager (Male) |
| 11:49 | Research | Castle Age |
| 11:50 | Research | Castle Age |
| 12:34 | Build | Palisade Wall |
| 12:38 | Build | Palisade Wall |
| 12:52 | Build | Palisade Wall |
| 12:59 | Research | Double-Bit Axe |
| 12:59 | Research | Double-Bit Axe |
| 12:59 | Research | Double-Bit Axe |
| 13:27 | Research | Horse Collar |
| 14:03 | Build | House |
| 14:26 | Create | Villager (Male) |
| 14:26 | Create | Villager (Male) |
| 14:26 | Create | Villager (Male) |
| 14:29 | Age | Castle Age |
| 14:33 | Build | Town Center |
| 15:01 | Create | Villager (Male) |
| 15:42 | Build | Town Center |
| 15:46 | Create | Villager (Male) |
| 16:02 | Create | Villager (Male) |
| 16:06 | Create | Villager (Male) |
| 16:11 | Create | Villager (Male) |
| 16:15 | Build | Farm |
| 16:26 | Create | Villager (Male) |
| 16:29 | Build | Farm |
| 16:29 | Build | Farm |
| 16:32 | Build | Farm |
| 16:34 | Create | Villager (Male) |
| 16:35 | Create | Villager (Male) |
| 16:39 | Build | Farm |
| 16:39 | Build | Farm |
| 16:39 | Build | Farm |
| 16:40 | Build | Farm |
| 16:40 | Build | Farm |
| 16:40 | Build | Farm |
| 16:48 | Create | Villager (Male) |
| 16:48 | Create | Villager (Male) |
| 16:58 | Create | Villager (Male) |
| 17:01 | Build | Farm |
| 17:04 | Build | Farm |
| 17:06 | Build | Farm |
| 17:07 | Create | Villager (Male) |
| 17:24 | Build | Farm |
| 17:24 | Build | Farm |
| 17:41 | Create | Villager (Male) |
| 17:45 | Build | Farm |
| 17:48 | Build | Farm |
| 17:50 | Build | Farm |
| 17:51 | Create | Villager (Male) |
| 17:55 | Build | Farm |
| 17:58 | Build | House |
| 17:59 | Build | House |
| 18:05 | Research | Loom |
| 18:06 | Research | Town Watch |
| 18:09 | Create | Villager (Male) |
| 18:09 | Create | Villager (Male) |
| 18:18 | Build | Farm |
| 18:20 | Build | Farm |
| 18:23 | Build | Farm |
| 18:25 | Build | Farm |
| 18:26 | Create | Villager (Male) |
| 18:32 | Build | Farm |
| 18:35 | Create | Villager (Male) |
| 18:36 | Create | Villager (Male) |
| 18:39 | Create | Villager (Male) |
| 18:41 | Create | Villager (Male) |
| 18:41 | Create | Villager (Male) |
| 18:46 | Build | Farm |
| 18:47 | Create | Villager (Male) |
| 18:56 | Build | Monastery |
| 19:00 | Create | Villager (Male) |
| 19:00 | Create | Villager (Male) |
| 19:04 | Build | Farm |
| 19:04 | Build | Farm |
| 19:05 | Build | Farm |
| 19:05 | Build | Farm |
| 19:06 | Build | Farm |
| 19:06 | Build | Farm |
| 19:06 | Build | Farm |
| 19:07 | Build | Farm |
| 19:08 | Create | Villager (Male) |
| 19:12 | Create | Villager (Male) |
| 19:18 | Create | Villager (Male) |
| 19:19 | Create | Villager (Male) |
| 19:36 | Research | Bow Saw |
| 19:36 | Research | Bow Saw |
| 19:39 | Create | Villager (Male) |
| 19:40 | Create | Villager (Male) |
| 19:40 | Create | Villager (Male) |
| 19:44 | Build | Farm |
| 19:44 | Build | Farm |
| 19:53 | Create | Villager (Male) |
| 20:02 | Build | House |
| 20:03 | Build | House |
| 20:04 | Build | House |
| 20:05 | Build | House |
| 20:07 | Create | Monk |
| 20:25 | Research | Heavy Plow |
| 20:25 | Research | Heavy Plow |
| 20:26 | Create | Villager (Male) |
| 20:26 | Create | Villager (Male) |
| 20:27 | Create | Villager (Male) |
Match timeline
| 6:20 | [PFFFT]Barbie · first_building Barracks |
| 8:36 | degianni · wall_segment Palisade Wall x16 |
| 8:39 | EL TÍO TUPAKIER · first_building Barracks |
| 8:40 | degianni · wall_segment Palisade Wall x1 |
| 8:46 | 叶落 · wall_segment Palisade Wall x6 |
| 8:50 | EL TÍO TUPAKIER · age_up feudal |
| 8:57 | 叶落 · wall_segment Palisade Wall x25 |
| 9:33 | degianni · wall_segment Palisade Wall x6 |
| 9:44 | degianni · wall_segment Palisade Wall x9 |
| 9:59 | EL TÍO TUPAKIER · first_building Stable |
| 10:09 | 爹地给你买冰红茶喝 · age_up feudal |
| 10:21 | degianni · wall_segment Palisade Wall x1 |
| 10:22 | degianni · wall_segment Palisade Wall x1 |
| 10:24 | [PFFFT]Barbie · age_up feudal |
| 10:31 | 叶落 · age_up feudal |
| 10:50 | Mario Hennisch · first_building Barracks |
| 10:52 | degianni · wall_segment Palisade Wall x9 |
| 11:06 | degianni · age_up feudal |
| 11:21 | lucky0815 · age_up feudal |
| 11:35 | Mario Hennisch · age_up feudal |
| 11:41 | EL TÍO TUPAKIER · first_building Dock |
| 12:17 | Nitrozwerg/Janik · first_building Barracks |
| 12:34 | 爹地给你买冰红茶喝 · wall_segment Palisade Wall x4 |
| 12:38 | 爹地给你买冰红茶喝 · wall_segment Palisade Wall x10 |
| 12:52 | 爹地给你买冰红茶喝 · wall_segment Palisade Wall x6 |
| 13:13 | 叶落 · wall_segment Palisade Wall x12 |
| 13:16 | 叶落 · wall_segment Palisade Wall x24 |
| 13:40 | Nitrozwerg/Janik · age_up feudal |
| 13:43 | degianni · first_market_sell 100 wood |
| 13:44 | degianni · first_market_buy 100 food |
| 13:57 | lucky0815 · first_building Barracks |
| 14:29 | 爹地给你买冰红茶喝 · age_up castle |
| 14:34 | 叶落 · wall_segment Palisade Wall x1 |
| 14:36 | 叶落 · wall_segment Palisade Wall x1 |
| 14:42 | Mario Hennisch · first_building Stable |
| 14:58 | lucky0815 · age_up castle |
| 15:00 | 叶落 · age_up castle |
| 15:07 | lucky0815 · first_building Archery Range |
| 15:20 | degianni · wall_segment Palisade Wall x1 |
| 15:30 | degianni · wall_segment Palisade Wall x1 |
| 15:32 | Mario Hennisch · age_up castle |
| 15:41 | 叶落 · wall_segment Palisade Wall x7 |
| 15:43 | 叶落 · wall_segment Palisade Wall x10 |
| 15:57 | degianni · wall_segment Palisade Wall x1 |
| 16:28 | degianni · age_up castle |
| 16:32 | Nitrozwerg/Janik · first_building Archery Range |
| 17:07 | Nitrozwerg/Janik · wall_segment Palisade Wall x1 |
| 17:09 | Nitrozwerg/Janik · wall_segment Palisade Wall x1 |
| 17:22 | Nitrozwerg/Janik · wall_segment Palisade Wall x1 |
| 17:24 | [PFFFT]Barbie · age_up castle |
| 17:31 | Nitrozwerg/Janik · age_up castle |
| 17:36 | Nitrozwerg/Janik · wall_segment Palisade Wall x1 |
| 17:56 | Nitrozwerg/Janik · wall_segment Palisade Wall x1 |
| 18:03 | degianni · wall_segment Palisade Wall x1 |
| 18:04 | degianni · wall_segment Palisade Wall x1 |
| 18:07 | Nitrozwerg/Janik · wall_segment Palisade Wall x1 |
| 18:17 | EL TÍO TUPAKIER · first_market_sell 500 wood |
| 18:18 | EL TÍO TUPAKIER · first_market_buy 100 food |
| 18:36 | degianni · first_building Barracks |
| 18:38 | 爹地给你买冰红茶喝 · first_market_buy 100 food |
| 18:56 | 爹地给你买冰红茶喝 · first_building Monastery |
| 19:15 | lucky0815 · wall_segment Palisade Wall x1 |
| 19:17 | lucky0815 · wall_segment Palisade Wall x1 |
| 19:28 | degianni · first_building Stable |
| 19:52 | degianni · wall_segment Palisade Wall x1 |
| 20:15 | [PFFFT]Barbie · wall_segment Palisade Wall x12 |
| 20:22 | lucky0815 · first_market_buy 100 food |
| 20:30 | Nitrozwerg/Janik · wall_segment Palisade Wall x3 |
| 20:41 | Nitrozwerg/Janik · wall_segment Palisade Wall x5 |
| 20:54 | EL TÍO TUPAKIER · age_up castle |
| 21:14 | 叶落 · wall_segment Stone Wall x12 |
| 21:55 | lucky0815 · wall_segment Palisade Wall x18 |
| 22:25 | 叶落 · wall_segment Stone Wall x6 |
| 22:25 | [PFFFT]Barbie · first_building Stable |
| 22:43 | lucky0815 · wall_segment Palisade Wall x1 |
| 22:44 | 叶落 · wall_segment Stone Wall x6 |
| 22:46 | lucky0815 · wall_segment Palisade Wall x1 |
| 22:58 | lucky0815 · wall_segment Palisade Wall x1 |
| 23:11 | 叶落 · wall_segment Stone Wall x1 |
| 24:06 | 叶落 · wall_segment Stone Wall x10 |
| 24:12 | 叶落 · wall_segment Stone Wall x11 |
| 24:46 | Mario Hennisch · first_market_sell 100 food |
| 25:06 | 爹地给你买冰红茶喝 · first_building Barracks |
| 25:35 | lucky0815 · first_market_sell 100 food |
| 25:36 | Mario Hennisch · first_building Siege Workshop |
| 25:41 | 爹地给你买冰红茶喝 · first_market_sell 100 wood |
| 26:19 | 叶落 · first_building Monastery |
| 26:41 | 爹地给你买冰红茶喝 · first_building Stable |
| 27:10 | 爹地给你买冰红茶喝 · first_building Dock |
| 28:05 | 叶落 · first_building Castle |
| 28:18 | 叶落 · wall_segment Stone Wall x1 |
| 28:20 | degianni · first_building Castle |
| 28:26 | 叶落 · wall_segment Stone Wall x3 |
| 28:36 | 叶落 · wall_segment Stone Wall x1 |
| 28:40 | 叶落 · wall_segment Stone Wall x1 |
| 29:00 | 爹地给你买冰红茶喝 · age_up imperial |
| 29:21 | 叶落 · first_market_sell 100 food |
| 29:56 | Mario Hennisch · first_building Monastery |
| 30:00 | 叶落 · wall_segment Stone Wall x1 |
| 30:01 | 叶落 · wall_segment Stone Wall x1 |
| 31:04 | lucky0815 · wall_segment Palisade Wall x1 |
| 31:06 | 叶落 · first_building Barracks |
| 31:11 | lucky0815 · wall_segment Palisade Wall x1 |
| 31:15 | lucky0815 · wall_segment Palisade Wall x1 |
| 32:11 | 叶落 · first_building Stable |
| 32:12 | 叶落 · first_building Archery Range |
| 32:21 | EL TÍO TUPAKIER · first_building Monastery |
| 32:41 | 叶落 · age_up imperial |
| 33:27 | 叶落 · wall_segment Stone Wall x16 |
| 33:46 | lucky0815 · first_building Castle |
| 33:51 | [PFFFT]Barbie · first_building Monastery |
| 34:14 | Mario Hennisch · age_up imperial |
| 34:27 | Mario Hennisch · first_building Archery Range |
| 34:30 | lucky0815 · first_building Stable |
| 34:41 | Mario Hennisch · wall_segment Palisade Wall x1 |
| 34:48 | Mario Hennisch · wall_segment Palisade Wall x1 |
| 34:53 | Nitrozwerg/Janik · wall_segment Palisade Wall x1 |
| 34:59 | 叶落 · wall_segment Stone Wall x11 |
| 35:31 | 叶落 · wall_segment Stone Wall x10 |
| 35:42 | [PFFFT]Barbie · first_building Castle |
| 35:45 | 叶落 · wall_segment Stone Wall x4 |
| 35:47 | 叶落 · wall_segment Stone Wall x8 |
| 36:22 | EL TÍO TUPAKIER · age_up imperial |
| 36:36 | 叶落 · first_market_buy 100 stone |
| 36:47 | 叶落 · wall_segment Stone Wall x9 |
| 37:06 | 叶落 · wall_segment Stone Wall x11 |
| 37:07 | degianni · age_up imperial |
| 37:25 | Nitrozwerg/Janik · resign |
[ AI ANALYSIS · 1 CREDIT ]
What really happened in this match?
Wolo.gg analyzes every decision: build order, eco, micro, common mistakes by bracket. Personalized analysis on WhatsApp or Discord in 30 seconds.
Civ guide
Koreans
Perfil
Mario Hennisch